| TOP OF THE 1ST |
|
Bowie Baysox batting - Pitching for Corpus Christi Hooks : RHP Doug Nickey
|
|
Pitching: RHP Doug Nickey
|
|
|
Batting: LHB Matt Patnaude
|
0-0: Called Strike 0-1: Ground out 4-3 (Groundball, 34D, EV 91.9 MPH)
|
|
Batting: RHB Tony Logan
|
0-0: Ball 1-0: Foul Ball, location: 2F 1-1: Ball 2-1: Foul Ball, location: 2F 2-2: Foul Ball, location: 2F 2-2: Foul Ball, location: 2F 2-2: Strikes out looking
|
|
Batting: LHB James Betron
|
0-0: SINGLE (Line Drive, 78S, EV 106.2 MPH)
|
|
Batting: LHB Raul Rojas
|
0-0: Ball James Betron steals 2nd base 1-0: Called Strike 1-1: Foul Ball, location: 2F 1-2: Strikes out swinging
|
| Top of the 1st over - 0 runs, 1 hit, 0 errors, 1 left on base; Bowie 0 - Corpus Christi 0 |
| BOTTOM OF THE 1ST |
|
Corpus Christi Hooks batting - Pitching for Bowie Baysox : LHP Silas Chinn
|
|
Pitching: LHP Silas Chinn
|
|
|
Batting: LHB Kelvin Jones
|
0-0: Called Strike 0-1: Ball 1-1: Swinging Strike 1-2: Ball 2-2: Strikes out swinging
|
|
Batting: RHB Sam Spohn
|
0-0: Ball 1-0: Foul Ball, location: 2F 1-1: Called Strike 1-2: Strikes out looking
|
|
Batting: RHB Masaru Konno
|
0-0: Ball 1-0: Swinging Strike 1-1: Ball 2-1: Ground out 1-3 (Groundball, 13S, EV 72.5 MPH)
|
| Bottom of the 1st over - 0 runs, 0 hits, 0 errors, 0 left on base; Bowie 0 - Corpus Christi 0 |
| TOP OF THE 2ND |
|
Bowie Baysox batting - Pitching for Corpus Christi Hooks : RHP Doug Nickey
|
|
Batting: RHB Edwin Ramos
|
0-0: Ball 1-0: Swinging Strike 1-1: Fly out, F7 (Flyball, 7D, EV 72.5 MPH)
|
|
Batting: RHB Jordan Wallace
|
0-0: Swinging Strike 0-1: SINGLE (Groundball, 56D, EV 103.1 MPH)
|
|
Batting: LHB Jose Fierro
|
0-0: Ball 1-0: Called Strike 1-1: Foul Ball, location: 2F 1-2: Strikes out swinging
|
|
Batting: RHB Travis Carter
|
0-0: Ball 1-0: Fly out, F8 (Flyball, 78D, EV 88.8 MPH)
|
| Top of the 2nd over - 0 runs, 1 hit, 0 errors, 1 left on base; Bowie 0 - Corpus Christi 0 |
| BOTTOM OF THE 2ND |
|
Corpus Christi Hooks batting - Pitching for Bowie Baysox : LHP Silas Chinn
|
|
Batting: RHB Jamie Jennings
|
0-0: Ball 1-0: Swinging Strike 1-1: SINGLE (Groundball, 6MD, EV 96.2 MPH)
|
|
Batting: LHB Bob Dietz
|
0-0: Ball 1-0: Called Strike 1-1: Foul Ball, location: 2F 1-2: Strikes out swinging
|
|
Batting: RHB Workneh Lagat
|
0-0: Ball 1-0: Foul Ball, location: 2F 1-1: Ball 2-1: Ball 3-1: Base on Balls Jamie Jennings to second
|
|
Batting: LHB Vinny Siebecker
|
0-0: Ball 1-0: Called Strike 1-1: Foul Ball, location: 2F 1-2: Ball 2-2: Foul Ball, location: 2F 2-2: Strikes out looking
|
|
Batting: RHB Sean Mounts
|
0-0: Swinging Strike 0-1: Ball 1-1: Foul Ball, location: 2F 1-2: Ball 2-2: SINGLE (Groundball, 56, EV 103.1 MPH) Jamie Jennings to third Workneh Lagat to second
|
|
Batting: RHB Evan Fry
|
0-0: Called Strike 0-1: Ball 1-1: Foul Ball, location: 2F 1-2: Ball 2-2: Ball 3-2: SINGLE (Groundball, 34D, EV 95.0 MPH) Jamie Jennings scores Workneh Lagat to third Sean Mounts to second Workneh Lagat scores Sean Mounts to third
|
|
Batting: LHB Kelvin Jones
|
0-0: Ball 1-0: Foul Ball, location: 2F 1-1: Fly out, F8 (Flyball, 8RD, EV 92.5 MPH)
|
| Bottom of the 2nd over - 2 runs, 3 hits, 0 errors, 2 left on base; Bowie 0 - Corpus Christi 2 |
| TOP OF THE 3RD |
|
Bowie Baysox batting - Pitching for Corpus Christi Hooks : RHP Doug Nickey
|
|
Batting: SHB Hugo Moreno
|
0-0: Ball 1-0: Ground out U3 (Groundball, 34S, EV 93.8 MPH)
|
|
Batting: LHB Matt Patnaude
|
0-0: Ball 1-0: Called Strike 1-1: Ball 2-1: Called Strike 2-2: Ball 3-2: Base on Balls
|
|
Batting: RHB Tony Logan
|
0-0: Called Strike 0-1: Ball 1-1: Swinging Strike 1-2: Grounds into double play, 6-4-3 (Groundball, 6, EV 88.8 MPH)
|
| Top of the 3rd over - 0 runs, 0 hits, 0 errors, 0 left on base; Bowie 0 - Corpus Christi 2 |
| BOTTOM OF THE 3RD |
|
Corpus Christi Hooks batting - Pitching for Bowie Baysox : LHP Silas Chinn
|
|
Batting: RHB Sam Spohn
|
0-0: Foul Ball, location: 2F 0-1: Swinging Strike 0-2: Ball 1-2: Ball 2-2: Ball 3-2: Strikes out swinging
|
|
Batting: RHB Masaru Konno
|
0-0: Called Strike 0-1: Called Strike 0-2: Ball 1-2: Strikes out swinging
|
|
Batting: RHB Jamie Jennings
|
0-0: Ground out 6-3 (Groundball, 6, EV 81.9 MPH)
|
| Bottom of the 3rd over - 0 runs, 0 hits, 0 errors, 0 left on base; Bowie 0 - Corpus Christi 2 |
| TOP OF THE 4TH |
|
Bowie Baysox batting - Pitching for Corpus Christi Hooks : RHP Doug Nickey
|
|
Batting: LHB James Betron
|
0-0: Ground out 5-3 (Groundball, 56S, EV 83.1 MPH)
|
|
Batting: LHB Raul Rojas
|
0-0: Foul Ball, location: 2F 0-1: Swinging Strike 0-2: Ball 1-2: Ball 2-2: Fly out, F6 (Popup, 6M, EV 71.9 MPH)
|
|
Batting: RHB Edwin Ramos
|
0-0: Ball 1-0: Ground out 1-3 (Groundball, 13, EV 68.8 MPH)
|
| Top of the 4th over - 0 runs, 0 hits, 0 errors, 0 left on base; Bowie 0 - Corpus Christi 2 |
| BOTTOM OF THE 4TH |
|
Corpus Christi Hooks batting - Pitching for Bowie Baysox : LHP Silas Chinn
|
|
Batting: LHB Bob Dietz
|
0-0: Foul Ball, location: 2F 0-1: Foul Ball, location: 2F 0-2: Ball 1-2: Ball 2-2: Ball 3-2: Fly out, F8 (Flyball, 89M, EV 82.5 MPH)
|
|
Batting: RHB Workneh Lagat
|
0-0: Ball 1-0: Swinging Strike 1-1: Swinging Strike 1-2: Ball 2-2: Strikes out swinging
|
|
Batting: LHB Vinny Siebecker
|
0-0: Called Strike 0-1: Ball 1-1: Called Strike 1-2: Foul Ball, location: 2F 1-2: Foul Ball, location: 2F 1-2: Foul Ball, location: 2F 1-2: Foul Ball, location: 2F 1-2: Foul Ball, location: 2F 1-2: SINGLE (Groundball, 3S, EV 69.4 MPH) (infield hit)
|
|
Batting: RHB Sean Mounts
|
0-0: Ball 1-0: Fly out, F8 (Line Drive, 8RM, EV 87.5 MPH)
|
| Bottom of the 4th over - 0 runs, 1 hit, 0 errors, 1 left on base; Bowie 0 - Corpus Christi 2 |
| TOP OF THE 5TH |
|
Bowie Baysox batting - Pitching for Corpus Christi Hooks : RHP Doug Nickey
|
|
Batting: RHB Jordan Wallace
|
0-0: Ball 1-0: Ball 2-0: Ball 3-0: Called Strike 3-1: SINGLE (Line Drive, 7S, EV 86.2 MPH)
|
|
Batting: LHB Jose Fierro
|
0-0: Swinging Strike 0-1: Called Strike 0-2: Ball 1-2: Fly out, F7 (Flyball, 7LM, EV 90.6 MPH)
|
|
Batting: RHB Travis Carter
|
0-0: Foul Ball, location: 2F 0-1: Ball 1-1: Ball 2-1: Called Strike 2-2: SINGLE (Groundball, 6MD, EV 102.5 MPH) Jordan Wallace to second
|
|
Batting: SHB Hugo Moreno
|
0-0: Called Strike 0-1: Foul Ball, location: 2F 0-2: Strikes out looking
|
|
Batting: LHB Matt Patnaude
|
0-0: Called Strike 0-1: Ball 1-1: Foul Ball, location: 2F 1-2: Ball 2-2: Ball 3-2: Foul Ball, location: 2F 3-2: Strikes out looking
|
| Top of the 5th over - 0 runs, 2 hits, 0 errors, 2 left on base; Bowie 0 - Corpus Christi 2 |
| BOTTOM OF THE 5TH |
|
Corpus Christi Hooks batting - Pitching for Bowie Baysox : LHP Silas Chinn
|
|
Batting: RHB Evan Fry
|
0-0: Ball 1-0: Ground out 5-3 (Groundball, 5, EV 111.9 MPH)
|
|
Batting: LHB Kelvin Jones
|
0-0: Ball 1-0: Foul Ball, location: 2F 1-1: Foul Ball, location: 2F 1-2: Strikes out looking
|
|
Batting: RHB Sam Spohn
|
0-0: Ball 1-0: Called Strike 1-1: Foul Ball, location: 2F 1-2: Ball 2-2: Foul Ball, location: 2F 2-2: Foul Ball, location: 2F 2-2: Ball 3-2: Ground out 5-3 (Groundball, 56S, EV 87.5 MPH)
|
| Bottom of the 5th over - 0 runs, 0 hits, 0 errors, 0 left on base; Bowie 0 - Corpus Christi 2 |
| TOP OF THE 6TH |
|
Bowie Baysox batting - Pitching for Corpus Christi Hooks : RHP Doug Nickey
|
|
Batting: RHB Tony Logan
|
0-0: Called Strike 0-1: Ball 1-1: Ball 2-1: Called Strike 2-2: Foul Ball, location: 2F 2-2: Ball 3-2: Base on Balls
|
|
Batting: LHB James Betron
|
0-0: Ball 1-0: Ball 2-0: Called Strike 2-1: Foul Ball, location: 2F 2-2: Strikes out looking
|
|
Batting: LHB Raul Rojas
|
0-0: Ball 1-0: Fly out, F9 (Flyball, 9LM, EV 91.9 MPH)
|
|
Batting: RHB Edwin Ramos
|
0-0: Ground out 4-3 (Groundball, 4, EV 99.4 MPH)
|
| Top of the 6th over - 0 runs, 0 hits, 0 errors, 1 left on base; Bowie 0 - Corpus Christi 2 |
| BOTTOM OF THE 6TH |
|
Corpus Christi Hooks batting - Pitching for Bowie Baysox : LHP Silas Chinn
|
|
Batting: RHB Masaru Konno
|
0-0: Ball 1-0: Called Strike 1-1: Foul Ball, location: 2F 1-2: Ball 2-2: Ground out 5-3 (Groundball, 5S, EV 67.5 MPH)
|
|
Batting: RHB Jamie Jennings
|
0-0: Foul Ball, location: 2F 0-1: Ball 1-1: Ball 2-1: Ball 3-1: Base on Balls
|
|
Pitching: RHP Travis Small
|
|
|
Batting: LHB Bob Dietz
|
0-0: Ball 1-0: SINGLE (Groundball, 56, EV 95.6 MPH) Jamie Jennings to second
|
|
Batting: RHB Workneh Lagat
|
0-0: Called Strike 0-1: Swinging Strike 0-2: Strikes out looking
|
|
Batting: LHB Vinny Siebecker
|
0-0: Called Strike 0-1: Ball 1-1: SINGLE (Groundball, 34D, EV 96.9 MPH) Jamie Jennings to third Bob Dietz to second Runner from 3rd tries for Home, SAFE, throw by RF to home
|
|
Batting: RHB Sean Mounts
|
0-0: Ball 1-0: Ground out U3 (Groundball, 34S, EV 65.6 MPH)
|
| Bottom of the 6th over - 1 run, 2 hits, 0 errors, 2 left on base; Bowie 0 - Corpus Christi 3 |
| TOP OF THE 7TH |
|
Bowie Baysox batting - Pitching for Corpus Christi Hooks : RHP Doug Nickey
|
|
Batting: RHB Jordan Wallace
|
0-0: Ball 1-0: Fly out, F7 (Line Drive, 7, EV 95.0 MPH)
|
|
Batting: LHB Jose Fierro
|
0-0: Ball 1-0: Foul Ball, location: 2F 1-1: Ground out 4-3 (Groundball, 4, EV 104.4 MPH)
|
|
Batting: RHB Travis Carter
|
0-0: Called Strike 0-1: Foul Ball, location: 2F 0-2: Ball 1-2: Ball 2-2: DOUBLE (Flyball, 8RXD, EV 115.0 MPH)
|
|
Batting: SHB Hugo Moreno
|
0-0: Ball 1-0: Ball 2-0: Ball Wild Pitch! Travis Carter to third 3-0: Called Strike 3-1: Base on Balls
|
|
Batting: LHB Matt Patnaude
|
0-0: Ball 1-0: Foul Ball, location: 2F Pickoff Throw to First - Out! 1-3
|
| Top of the 7th over - 0 runs, 1 hit, 0 errors, 1 left on base; Bowie 0 - Corpus Christi 3 |
| BOTTOM OF THE 7TH |
|
Corpus Christi Hooks batting - Pitching for Bowie Baysox : RHP Travis Small
|
|
Batting: RHB Evan Fry
|
0-0: Ball 1-0: Fly out, F8 (Flyball, 78D, EV 85.0 MPH)
|
|
Batting: LHB Kelvin Jones
|
0-0: Called Strike 0-1: Foul Ball, location: 2F 0-2: Ground out 4-3 (Groundball, 4, EV 92.5 MPH)
|
|
Batting: RHB Sam Spohn
|
0-0: Ball 1-0: Foul Ball, location: 2F 1-1: Foul Ball, location: 2F 1-2: Ball 2-2: Foul Ball, location: 2F 2-2: Ball 3-2: SINGLE (Groundball, 4MS, EV 61.9 MPH) (infield hit)
|
|
Batting: RHB Masaru Konno
|
0-0: Called Strike 0-1: Foul Ball, location: 2F 0-2: Ball 1-2: Foul Ball, location: 2F 1-2: Ball 2-2: Fly out, F9 (Flyball, 9S, EV 88.8 MPH)
|
| Bottom of the 7th over - 0 runs, 1 hit, 0 errors, 1 left on base; Bowie 0 - Corpus Christi 3 |
| TOP OF THE 8TH |
|
Bowie Baysox batting - Pitching for Corpus Christi Hooks : RHP Doug Nickey
|
|
Batting: LHB Matt Patnaude
|
0-0: Ball 1-0: Called Strike 1-1: Ball 2-1: Foul Ball, location: 2F 2-2: Ball 3-2: Strikes out looking
|
|
Pitching: RHP Alex Salinas
|
|
|
Batting: RHB Tony Logan
|
0-0: Ball 1-0: Foul Ball, location: 2F 1-1: Ball 2-1: Ball 3-1: Ground out 6-3 (Groundball, 56, EV 91.2 MPH)
|
|
Batting: LHB James Betron
|
0-0: Ball 1-0: DOUBLE (Line Drive, 9LD, EV 108.8 MPH)
|
|
Batting: LHB Raul Rojas
|
0-0: Called Strike 0-1: Ball 1-1: Fly out, F8 (Flyball, 8RS, EV 89.4 MPH)
|
| Top of the 8th over - 0 runs, 1 hit, 0 errors, 1 left on base; Bowie 0 - Corpus Christi 3 |
| BOTTOM OF THE 8TH |
|
Corpus Christi Hooks batting - Pitching for Bowie Baysox : RHP Travis Small
|
|
Batting: RHB Jamie Jennings
|
0-0: Ball 1-0: Ball 2-0: Foul Ball, location: 2F 2-1: Called Strike 2-2: Ball 3-2: Foul Ball, location: 2F 3-2: Fly out, F7 (Flyball, 7LS, EV 89.4 MPH)
|
|
Batting: LHB Bob Dietz
|
0-0: Foul Ball, location: 2F 0-1: Foul Ball, location: 2F 0-2: Strikes out looking
|
|
Batting: RHB Workneh Lagat
|
0-0: Fly out, F8 (Flyball, 8RM, EV 90.6 MPH)
|
| Bottom of the 8th over - 0 runs, 0 hits, 0 errors, 0 left on base; Bowie 0 - Corpus Christi 3 |
| TOP OF THE 9TH |
|
Bowie Baysox batting - Pitching for Corpus Christi Hooks : RHP Alex Salinas
|
|
Pitching: RHP Josh Holloway
|
|
|
Batting: RHB Edwin Ramos
|
0-0: Foul Ball, location: 2F 0-1: Called Strike 0-2: Ball 1-2: Strikes out swinging
|
|
Batting: RHB Jordan Wallace
|
0-0: Called Strike 0-1: Ball 1-1: Foul Ball, location: 2F 1-2: Ground out 5-3 (Groundball, 5, EV 105.0 MPH)
|
|
Batting: LHB Jose Fierro
|
0-0: Swinging Strike 0-1: Ball 1-1: Foul Ball, location: 2F 1-2: Ground out 6-3 (Groundball, P, EV 87.5 MPH)
|
| Top of the 9th over - 0 runs, 0 hits, 0 errors, 0 left on base; Bowie 0 - Corpus Christi 3 |
|